 Dungeon Crawl Stone Soup version 0.29-a0-284-gf9362112df (webtiles) character file.

Game seed: 2980930251457684384

5544 epen the Ducker (level 10, -4/76 HPs)
             Began as a Gnoll Arcane Marksman on Mar 15, 2022.
             Was a Follower of Dithmenos.
             Slain by a komodo dragon (5 damage)
             ... on level 9 of the Dungeon.
             The game lasted 00:10:12 (9639 turns).

epen the Ducker (Gnoll Arcane Marksman)             Turns: 9639, Time: 00:10:12

Health: -4/76      AC: 12    Str: 13    XL:     10   Next: 71%
Magic:  19/19      EV: 16    Int: 13    God:    Dithmenos [*.....]
Gold:   391        SH:  0    Dex: 17    Spells: 20/21 levels left

rFire   . . .      SeeInvis +   n - +12 spear of the End of Times {freeze, *Rage rPois Str+4}
rCold   . . .      Faith    .   (no shield)
rNeg    . . .      Spirit   .   b - +0 robe
rPois   +          Reflect  .   (no helmet)
rElec   .          Harm     .   G - +0 cloak
rCorr   .          Rampage  .   y - +0 pair of gloves
Will    .....      Rage     20% d - +2 pair of boots
Stlth   ++++......              o - amulet of the acrobat
HPRegen 0.22/turn               j - +4 ring of protection
MPRegen 0.16/turn               I - ring of see invisible

@: wreathed by umbra
A: fangs 1, strong nose, distributed training
a: Renounce Religion


You were on level 9 of the Dungeon.
You worshipped Dithmenos.
Dithmenos was aware of your devotion.
You visited 2 branches of the dungeon, and saw 10 of its levels.
You also visited: Sewer.

You collected 391 gold pieces.

Inventory:

Hand Weapons
 a - a +1 shortbow
 n - the +12 spear of the End of Times (weapon) {freeze, *Rage rPois Str+4}
   (You found it on level 2 of the Dungeon)

   It freezes those it strikes, dealing additional cold damage.
   It can also slow down cold-blooded creatures.
   Str:       It affects your strength (+4).
   rPois:     It protects you from poison.
   *Rage:     It berserks you when you make melee attacks (+20% chance).
Missiles
 A - a throwing net
Armour
 b - a +0 robe (worn)
 d - a +2 pair of boots (worn)
 y - a +0 pair of gloves (worn)
 G - a +0 cloak (worn)
Jewellery
 j - a +4 ring of protection (left hand)
 o - an amulet of the acrobat (around neck)
 r - a ring of wizardry
 D - a ring of positive energy
 I - a ring of see invisible (right hand)
Wands
 p - a wand of flame (26)
 F - a wand of paralysis (6)
Scrolls
 c - 3 scrolls of vulnerability
 i - a scroll of fog {unknown}
 k - a scroll of noise
 m - a scroll of torment {unknown}
 t - a scroll of teleportation
 u - a scroll of holy word
 z - a scroll of summoning {unknown}
 B - a scroll of fear {unknown}
 E - 4 scrolls of identify
Potions
 e - 3 potions of attraction
 f - 4 potions of haste
 g - 6 potions of heal wounds
 h - a potion of mutation {unknown}
 l - 2 potions of berserk rage {unknown}
 q - 4 potions of might
 s - 2 potions of brilliance {unknown}
 v - 2 potions of invisibility {unknown}
 w - a potion of degeneration {unknown}
 x - 4 potions of curing {unknown}
 C - a potion of cancellation {unknown}
 H - a potion of ambrosia {unknown}
 J - 2 potions of lignification {unknown}


   Skills:
 + Level 6.1 Fighting
 + Level 5.5 Short Blades
 + Level 5.5 Long Blades
 + Level 5.5 Axes
 + Level 5.5 Maces & Flails
 + Level 5.5 Polearms
 + Level 5.5 Staves
 + Level 5.5 Slings
 + Level 7.2 Bows
 + Level 5.5 Crossbows
 + Level 5.5 Throwing
 + Level 5.5 Armour
 + Level 7.2 Dodging
 + Level 5.5 Stealth
 + Level 5.5 Shields
 + Level 5.5 Unarmed Combat
 + Level 6.2 Spellcasting
 + Level 4.5 Conjurations
 + Level 7.2 Hexes
 + Level 4.5 Summonings
 + Level 4.5 Necromancy
 + Level 4.5 Translocations
 + Level 4.5 Transmutations
 + Level 4.5 Fire Magic
 + Level 4.5 Ice Magic
 + Level 4.5 Air Magic
 + Level 4.5 Earth Magic
 + Level 4.5 Poison Magic
 + Level 6.1 Invocations
 + Level 5.5 Evocations


You had 20 spell levels left.
You knew the following spells:

 Your Spells              Type           Power      Damage    Failure   Level
a - Slow                  Hex            88%        N/A       1%          1

Your spell library contained the following spells:

 Spells                   Type           Power      Damage    Failure   Level
 Animate Skeleton         Necr           30%        N/A       2%          1
 Magic Dart               Conj           60%        1d6       2%          1
 Pain                     Necr           60%        1d7       2%          1
 Call Imp                 Summ           15%        N/A       3%          2
 Inner Flame              Hex/Fire       19%        N/A       4%          3
 Portal Projectile        Hex/Tloc       38%        N/A       4%          3
 Mephitic Cloud           Conj/Pois/Air  15%        N/A       8%          3
 Vampiric Draining        Necr           15%        2d7       8%          3
 Cause Fear               Hex            11%        N/A       9%          4


Dungeon Overview and Level Annotations

Branches:
Dungeon (9/15)             Temple (1/1) D:6           Sewer (visited)
   Lair: D:8-11         Orc: D:9-12

Altars:
Ashenzari
Cheibriados
Dithmenos
Elyvilon
Fedhas
Gozag
Hepliaklqana
Kikubaaqudgha
Makhleb
Nemelex Xobeh
Okawaru
Qazlal
Ru
Sif Muna
Trog
Uskayaw
Vehumet
Wu Jian
Xom
Yredelemnul
Zin
The Shining One

Shops:
D:1 *   D:8 (

Annotations:
D:8 2 transporters, funkygono's ghost, novice GrFE


Innate Abilities, Weirdness & Mutations

You have very sharp teeth.
Your uncanny sense of smell can sniff out nearby items.
Your experience applies equally to all skills.


Message History

You are exhausted.
You feel yourself slow down.
You start waiting.
You feel yourself speed up.
Found a leather armour.
You recover from your berserk rage.
Found a ring mail.
A komodo dragon and a two-headed ogre come into view.
There are monsters nearby!
The helpless two-headed ogre fails to defend itself.
You puncture the two-headed ogre! You freeze the two-headed ogre.
You punch the two-headed ogre, but do no damage.
The two-headed ogre is moderately wounded.
The komodo dragon hisses angrily.
The two-headed ogre hits you with a +0 giant club!!
The two-headed ogre closely misses you.
You puncture the two-headed ogre! You freeze the two-headed ogre.
The two-headed ogre is severely wounded.
You barely miss the two-headed ogre. You bite the two-headed ogre.
The two-headed ogre is severely wounded.
The two-headed ogre hits you with a +0 giant club!!
The two-headed ogre completely misses you.
You are too injured to fight recklessly!
You are too injured to fight recklessly!
You are too injured to fight recklessly!
Reach: n) +12 spear of the End of Times {freeze, *Rage rPois Str+4}
Press: ? - help, Dir - move target, f - two-headed ogre
Aim: a two-headed ogre, wielding two +0 giant clubs (severely wounded, umbra, about 16% to evade the +12 spear of the End of Times)
You barely miss the two-headed ogre.
The two-headed ogre is severely wounded.
The two-headed ogre completely misses you.
The two-headed ogre hits you with a +0 giant club!!
* * * LOW HITPOINT WARNING * * *
Reach: n) +12 spear of the End of Times {freeze, *Rage rPois Str+4}
Press: ? - help, Dir - move target, f/p - two-headed ogre
Aim: a two-headed ogre, wielding two +0 giant clubs (severely wounded, umbra, about 16% to evade the +12 spear of the End of Times)
You hit the two-headed ogre. You freeze the two-headed ogre.
The two-headed ogre is almost dead.
The komodo dragon bites you.
You die...

...[....#
........#
........##
#######..# ##.#
#.# #.# ## #.#
#O####
#.#######@l.#
#........###...#
########## #..


You could see a two-headed ogre and a komodo dragon.

Vanquished Creatures
  Psyche (D:8)
  A troll (D:7)
  Grinder (D:6)
  3 polar bears (D:8)
  Sigmund (D:3)
  4 wyverns
  4 yaks
  Eustachio (D:5)
  Edmund (D:6)
  An acid dragon (D:8)
  2 water moccasins
  An orc warrior (D:7)
  A black bear (D:7)
  2 ice beasts (D:8)
  A sky beast (D:6)
  A kobold brigand (D:8)
  2 phantoms
  3 bullfrogs
  2 necrophages (D:6)
  A scorpion (D:6)
  A hornet simulacrum (D:8)
  4 killer bees (D:8)
  2 electric eels (D:8)
  2 hounds (D:5)
  12 orc priests
  A gnoll shaman (D:8)
  An iguana (D:4)
  6 orc wizards
  10 gnolls
  12 adders
  3 shadow imps (D:3)
  3 white imps
  2 howler monkey simulacra (D:8)
  3 ufetubi
  4 worms
  A dart slug (D:1)
  25 orcs
  7 bats
  9 endoplasms
  9 giant cockroaches
  10 goblins
  6 hobgoblins
  12 jackals
  9 kobolds
  5 quokkas
  5 ball pythons
  2 frilled lizards
  4 rats
204 creatures vanquished.

Vanquished Creatures (others)
  An orc (D:8)
  3 plants (D:2)
4 creatures vanquished.

Grand Total: 208 creatures vanquished

Notes
Turn   | Place    | Note
-------+----------+-------------------------------------------
     0 | D:1      | epen the Gnoll Arcane Marksman began the quest for the Orb.
     0 | D:1      | Reached XP level 1. HP: 17/17 MP: 4/4
   156 | D:1      | Reached XP level 2. HP: 23/23 MP: 5/5
   175 | D:1      | Found a faded altar of an unknown god.
   675 | D:1      | Found Kekod's General Store.
   780 | D:1      | Reached XP level 3. HP: 16/28 MP: 7/7
   789 | D:1      | Reached skill level 1 in Invocations
  1155 | D:2      | Reached skill level 1 in Short Blades
  1155 | D:2      | Reached skill level 1 in Long Blades
  1155 | D:2      | Reached skill level 1 in Axes
  1155 | D:2      | Reached skill level 1 in Maces & Flails
  1155 | D:2      | Reached skill level 1 in Polearms
  1155 | D:2      | Reached skill level 1 in Staves
  1155 | D:2      | Reached skill level 1 in Slings
  1155 | D:2      | Reached skill level 1 in Crossbows
  1155 | D:2      | Reached skill level 1 in Throwing
  1155 | D:2      | Reached skill level 1 in Armour
  1155 | D:2      | Reached skill level 1 in Stealth
  1155 | D:2      | Reached skill level 1 in Shields
  1155 | D:2      | Reached skill level 1 in Unarmed Combat
  1155 | D:2      | Reached skill level 1 in Evocations
  1287 | D:2      | Reached XP level 4. HP: 34/34 MP: 8/8
  1301 | D:2      | Identified the +12 spear of the End of Times {freeze, *Rage
                  | rPois Str+4}
  1893 | D:3      | Noticed Sigmund
  1899 | D:3      | Killed Sigmund
  1900 | D:3      | Reached skill level 1 in Conjurations
  1900 | D:3      | Reached skill level 1 in Summonings
  1900 | D:3      | Reached skill level 1 in Necromancy
  1900 | D:3      | Reached skill level 1 in Translocations
  1900 | D:3      | Reached skill level 1 in Transmutations
  1900 | D:3      | Reached skill level 1 in Fire Magic
  1900 | D:3      | Reached skill level 1 in Ice Magic
  1900 | D:3      | Reached skill level 1 in Air Magic
  1900 | D:3      | Reached skill level 1 in Earth Magic
  1900 | D:3      | Reached skill level 1 in Poison Magic
  1900 | D:3      | Reached XP level 5. HP: 24/41 MP: 8/10
  1900 | D:3      | Reached XP level 6. HP: 28/47 MP: 8/11
  2480 | D:3      | Reached skill level 5 in Bows
  2480 | D:3      | Reached skill level 5 in Dodging
  2569 | D:3      | Found a transporter.
  2577 | D:3      | Found a transporter.
  3828 | D:4      | Reached XP level 7. HP: 52/52 MP: 12/12
  4022 | D:5      | Entered Level 5 of the Dungeon
  4087 | D:5      | Found a glowing drain.
  4096 | Sewer    | Entered a sewer
  4181 | Sewer    | Identified the +0 ring mail of Integrity {rC+ Str+2 Int-5}
  4463 | D:5      | Noticed Eustachio
  4471 | D:5      | Killed Eustachio
  4480 | D:5      | Reached XP level 8. HP: 60/60 MP: 14/14
  5033 | D:6      | Found a white marble altar of Elyvilon.
  5133 | D:6      | Noticed Edmund
  5139 | D:6      | Killed Edmund
  5282 | D:6      | Identified the +5 morningstar of Disgust {drain, rF- rC+
                  | MP+9}
  5397 | D:6      | Noticed Grinder
  5399 | D:6      | Paralysed by Grinder for 3 turns
  5408 | D:6      | Killed Grinder
  5512 | D:6      | Found a staircase to the Ecumenical Temple.
  5518 | D:6      | Reached XP level 9. HP: 66/66 MP: 16/16
  5525 | Temple   | Entered the Ecumenical Temple
  5937 | Temple   | Became a worshipper of Dithmenos the Shadowed
  6409 | D:7      | Reached skill level 5 in Spellcasting
  6571 | D:7      | Reached skill level 5 in Fighting
  6664 | D:7      | Noticed a troll
  6675 | D:7      | Killed a troll
  7173 | D:8      | Noticed a polar bear
  7182 | D:8      | Reached skill level 5 in Invocations
  7186 | D:8      | Killed a polar bear
  7189 | D:8      | Noticed a polar bear
  7503 | D:8      | Killed a polar bear
  7760 | D:8      | Reached XP level 10. HP: 57/74 MP: 18/18
  7929 | D:8      | Found a transporter.
  7941 | D:8      | Noticed a moth of wrath
  7942 | D:8      | Noticed funkygono's ghost (novice GrFE)
  8211 | D:8      | Reached skill level 5 in Short Blades
  8211 | D:8      | Reached skill level 5 in Long Blades
  8211 | D:8      | Reached skill level 5 in Axes
  8211 | D:8      | Reached skill level 5 in Maces & Flails
  8211 | D:8      | Reached skill level 5 in Polearms
  8211 | D:8      | Reached skill level 5 in Staves
  8211 | D:8      | Reached skill level 5 in Slings
  8211 | D:8      | Reached skill level 5 in Crossbows
  8211 | D:8      | Reached skill level 5 in Throwing
  8211 | D:8      | Reached skill level 5 in Armour
  8211 | D:8      | Reached skill level 5 in Stealth
  8211 | D:8      | Reached skill level 5 in Shields
  8211 | D:8      | Reached skill level 5 in Unarmed Combat
  8211 | D:8      | Reached skill level 5 in Evocations
  8218 | D:8      | Reached * piety under Dithmenos
  8908 | D:8      | Found Emetroast's Antique Weapon Shop.
  8935 | D:8      | Noticed Psyche
  8942 | D:8      | Killed Psyche
  9020 | D:8      | Found a transporter.
  9493 | D:9      | Identified the +2 robe of Anarchy {rPois rF- rN+}
  9634 | D:9      | Noticed a two-headed ogre
  9638 | D:9      | HP: 1/76 [two-headed ogre/+0 giant club (25)]
  9639 | D:9      | Slain by a komodo dragon

Illustrated notes

Levels and vault maps discovered:
D:1:      dpeg_arrival_brainrot, layout_loops_ring,
          dreamdust_ecumenical_altar_statues, serial_shops,
          nicolae_shop_behind_doors, amcnicky_mini_rare_corridor_liquid,
          lemuel_old_faithful
D:2:      layout_rooms, chequers_big_river, minmay_3d_cube
D:3:      gammafunk_wand_slinger, layout_loops_corners, minmay_goblin_outpost,
          uniq_sigmund
D:4:      layout_basic, kennysheep_generic_room_15
D:5:      layout_rooms, portal_sewer_entry_d, kennysheep_big_empty_room,
          grunt_decor_clamped, uniq_eustachio
D:6:      minmay_general_purpose_star, layout_basic, elyvilon_altar_3,
          minmay_temple_entry_nine_rooms, corexii_corridor_pit, uniq_edmund,
          uniq_grinder
D:7:      layout_basic, kennysheep_another_room, chequers_mini_garden,
          st_stairs_7
D:8:      layout_gridville, gammafunk_ghost_berserking_beasts, serial_shops,
          kennysheep_little_box, serial_ice, serial_ice_d, serial_ice_g,
          serial_ice_n, serial_ice_h, serial_ice_b, serial_ice_f, serial_ice_j,
          uniq_psyche
D:9:      layout_rooms, erik_lair_dragon, serial_shops, nicolae_take_the_stairs,
          shop
Temple:   mainiacjoe_temple_trianglar_array

Skill      XL: |  1  2  3  4  5  6  7  8  9 10 |
---------------+-------------------------------+-----
Invocations    | 1 2 3 4 5 6 |  6.1
Short Blades   | 1 2 3 4 5 |  5.5
Long Blades    | 1 2 3 4 5 |  5.5
Axes           | 1 2 3 4 5 |  5.5
Maces & Flails | 1 2 3 4 5 |  5.5
Polearms       | 1 2 3 4 5 |  5.5
Staves         | 1 2 3 4 5 |  5.5
Slings         | 1 2 3 4 5 |  5.5
Crossbows      | 1 2 3 4 5 |  5.5
Throwing       | 1 2 3 4 5 |  5.5
Armour         | 1 2 3 4 5 |  5.5
Stealth        | 1 2 3 4 5 |  5.5
Shields        | 1 2 3 4 5 |  5.5
Unarmed Combat | 1 2 3 4 5 |  5.5
Evocations     | 1 2 3 4 5 |  5.5
Spellcasting   | 3 4 5 6 |  6.2
Fighting       | 3 4 5 6 |  6.1
Conjurations   | 1 2 3 4 |  4.5
Summonings     | 1 2 3 4 |  4.5
Necromancy     | 1 2 3 4 |  4.5
Translocations | 1 2 3 4 |  4.5
Transmutations | 1 2 3 4 |  4.5
Fire Magic     | 1 2 3 4 |  4.5
Ice Magic      | 1 2 3 4 |  4.5
Air Magic      | 1 2 3 4 |  4.5
Earth Magic    | 1 2 3 4 |  4.5
Poison Magic   | 1 2 3 4 |  4.5
Bows           | 5 6 7 |  7.2
Dodging        | 5 6 7 |  7.2
Hexes          | 6 7 |  7.2

Action                   |  1- 3 |  4- 6 |  7- 9 | 10-12 || total
-------------------------+-------+-------+-------+-------++-------
Melee: Spear             |       |    99 |   171 |   119 ||   389
       Bite              |       |     3 |    12 |    13 ||    28
       Punch             |       |       |     2 |     6 ||     8
 Fire: Shortbow          |    92 |    18 |     5 |    16 ||   131
Evoke: Wand              |       |       |     1 |       ||     1
  Use: Scroll            |       |       |    10 |       ||    10
 Stab: Sleeping          |       |     7 |    11 |     2 ||    20
Armor: Robe              |    18 |     9 |    38 |    28 ||    93
Dodge: Dodged            |    39 |    38 |    77 |    80 ||   234

Table legend: (Time is in decaauts)
 A = Elapsed time spent in this place.
 B = Non-inter-level travel time spent in this place.
 C = Inter-level travel time spent in this place.
 D = Time resting spent in this place.
 E = Time spent auto-exploring this place.
 F = Levels seen in this place.
 G = Mean time per level.
                   A        B        C        D        E       F      G
               +--------+--------+--------+--------+--------+-----+--------+
         Total |  10135 |   9772 |    363 |   2419 |   5793 |  11 |  921.4 |
       Dungeon |   9539 |   9240 |    299 |   2419 |   5351 |   9 | 1059.9 |
        Temple |    450 |    386 |     64 |      0 |    383 |   1 |  450.0 |
         Sewer |    145 |    145 |      0 |      0 |     59 |   1 |  145.0 |
               +--------+--------+--------+--------+--------+-----+--------+

Top non-repeatable levels by time:
     D:8: 1999 daAuts
     D:3: 1329 daAuts
     D:7: 1285 daAuts
     D:1: 983 daAuts
     D:2: 978 daAuts
     D:4: 964 daAuts
     D:6: 947 daAuts
     D:5: 782 daAuts
  Temple: 450 daAuts
     D:9: 269 daAuts
   Sewer: 145 daAuts
